 Dungeon Crawl Stone Soup version 0.20.1-1-g8b1a95d (webtiles) character file.

570 slep the Slasher (level 7, -6/81 HPs)
             Began as a Demonspawn Fighter on Oct 23, 2017.
             Mangled by Duvessa
             ... wielding a +4 short sword of electrocution
              (13 damage)
             ... on level 5 of the Dungeon.
             The game lasted 00:21:31 (4072 turns).

slep the Slasher (Demonspawn Fighter)               Turns: 4072, Time: 00:21:32

Health: -6/81      AC: 23    Str: 16    XL:     7   Next: 11%
Magic:  0/6        EV:  2    Int:  9    God:
Gold:   255        SH:  7    Dex: 15    Spells: 6/6 levels left

rFire    . . .     SeeInvis .   s - +0 spear (freeze)
rCold    . . .     Gourm    .   n - +2 buckler {rN+}
rNeg     + + +     Faith    .   (armour currently unavailable)
rPois    +         Spirit   +   (helmet currently unavailable)
rElec    .         Reflect  .   (cloak currently unavailable)
rCorr    .         Harm     .   (gloves currently unavailable)
MR       .....     NoTele   +   (boots currently unavailable)
Stlth    ++........             (no amulet)
Regen    0.3/turn               y - ring of teleportation (curse)
MPRegen  0.1/turn               (no ring)

@: tree-form
A: low mp 1, magic shield, no potion heal 1, freezing cloud immunity
a: no special abilities


You were on level 5 of the Dungeon.
You were not hungry.
You were a tree.
You visited 1 branch of the dungeon, and saw 5 of its levels.

You collected 255 gold pieces.

Inventory:

Hand Weapons
 a - a +0 long sword
 e - a +3 dagger
 g - a +1 whip of electrocution
 s - a +0 spear of freezing (weapon)
 A - a +3 whip of venom
Armour
 b - a +0 scale mail (melded)
 c - a +0 shield
 i - a +1 cloak (melded)
 m - a +0 pair of boots (melded)
 n - a +2 buckler of positive energy (worn)
 t - a +0 helmet (melded)
Jewellery
 y - a cursed ring of teleportation (left branch)
Scrolls
 h - 2 scrolls of amnesia {unknown}
 j - 2 scrolls of teleportation {unknown}
 k - 3 scrolls of identify {unknown}
 l - 4 scrolls of remove curse {unknown}
 x - a scroll of enchant armour {unknown}
 C - a scroll of noise {unknown}
Potions
 d - a potion of might
 p - a potion of brilliance {unknown}
 u - 5 potions of curing {unknown}
 w - a potion of invisibility {unknown}
Comestibles
 f - a bread ration
 q - 5 fruits
 r - a meat ration
 B - a royal jelly


   Skills:
 + Level 4.2 Fighting
 + Level 4.7 Long Blades
 + Level 4.2 Armour
 + Level 1.4 Dodging
 + Level 0.6 Stealth
 + Level 3.4 Shields


You had 6 spell levels left.
You didn't know any spells.

Dungeon Overview and Level Annotations

Branches:
Dungeon (5/15)
 Temple: D:4-7

Altars:
Cheibriados
Elyvilon
Trog
Uskayaw
Yredelemnul

Annotations:
D:5 Dowan, Duvessa


Innate Abilities, Weirdness & Mutations

((You are partially covered in iridescent scales. (AC +2)))
((Your flesh is cold resistant. (rC+)))
When hurt, damage is shared between your health and your magic reserves.
You are immune to freezing clouds.
((You have large cloven feet.))
((You have a pair of small horns on your head.))
Your magical capacity is low. (-10% MP)
Potions are less effective at restoring your health.


Message History

Duvessa hits you but does no damage.
You are electrocuted!
* * * LOW HITPOINT WARNING * * *
Dowan mumbles some strange words.
Dowan blinks!
You closely miss Duvessa.
Duvessa is heavily wounded.
Duvessa barely misses you.
You turn into a tree.
Your +1 cloak melds into your body.
Your +0 helmet melds into your body.
Your +0 pair of boots melds into your body.
Your +0 scale mail melds into your body.
Your roots penetrate the ground.
Duvessa hits you but does no damage.
You are electrocuted!
* * * LOW HITPOINT WARNING * * *
It was a potion of mutation.
You feel extremely strange. A pair of horns grows on your head!
Your system partially rejects the healing effects of potions.
You feel less energetic.
Your feet thicken and deform.
Duvessa hits you but does no damage.
You are electrocuted!
You die...

###...###
#.......##
#........
.##..e....#
..........#
#......#
#...<.w#
###.##e#
... #♣#
#### #.#
#.. ####


You could see Duvessa, Dowan and a worm.

Vanquished Creatures
  An ogre (D:4)
  A scorpion (D:4)
  2 howler monkeys
  2 orc priests (D:4)
  2 orc wizards
  A worker ant (D:4)
  4 gnolls (D:4)
  6 adders
  An ooze (D:1)
  An adder skeleton (D:4)
  2 worms (D:3)
  3 dart slugs
  4 leopard geckos
  17 orcs
  5 giant cockroaches
  5 goblins
  6 hobgoblins
  8 jackals
  6 kobolds
  5 quokkas
  2 ball pythons
  8 bats
  3 frilled lizards
  5 rats
100 creatures vanquished.

Notes
Turn   | Place    | Note
-------+----------+-------------------------------------------
     0 | D:1      | slep the Demonspawn Fighter began the quest for the Orb.
     0 | D:1      | Reached XP level 1. HP: 18/18 MP: 1/1
    94 | D:1      | Gained mutation: You are partially covered in iridescent scales. (AC +2) [demonic ancestry]
    94 | D:1      | Reached XP level 2. HP: 8/24 MP: 2/2
   664 | D:2      | Gained mutation: When hurt, damage is shared between your health and your magic reserves. [demonic ancestry]
   664 | D:2      | Reached XP level 3. HP: 29/29 MP: 3/3
  1257 | D:2      | You fall through a shaft for 2 floors!
  1307 | D:4      | Found a bloodstained altar of Trog.
  1319 | D:4      | Reached XP level 4. HP: 5/36 MP: 0/4
  1337 | D:4      | Gained mutation: Your flesh is cold resistant. (rC+) [demonic ancestry]
  1337 | D:4      | Reached XP level 5. HP: 7/42 MP: 1/5
  1447 | D:4      | Noticed an ogre
  1468 | D:4      | HP: 2/42 [ogre/giant club (3)]
  1469 | D:4      | Killed an ogre
  1469 | D:4      | Reached skill level 1 in Dodging
  1833 | D:4      | Gained mutation: You are immune to freezing clouds. [demonic ancestry]
  1833 | D:4      | Reached XP level 6. HP: 20/48 MP: 4/6
  1841 | D:4      | Found a hide-covered altar of Uskayaw.
  1849 | D:4      | Found a basalt altar of Yredelemnul.
  2101 | D:4      | Found a snail-covered altar of Cheibriados.
  3423 | D:3      | Reached XP level 7. HP: 30/54 MP: 7/7
  3772 | D:3      | Found a white marble altar of Elyvilon.
  4019 | D:5      | Entered Level 5 of the Dungeon
  4029 | D:5      | Noticed Duvessa
  4032 | D:5      | Noticed Dowan
  4072 | D:5      | Gained mutation: You have a pair of small horns on your head. [potion of mutation]
  4072 | D:5      | Gained mutation: Potions are less effective at restoring your health. [potion of mutation]
  4072 | D:5      | Gained mutation: Your magical capacity is low. (-10% MP) [potion of mutation]
  4072 | D:5      | Gained mutation: You have large cloven feet. [potion of mutation]
  4072 | D:5      | Mangled by Duvessa

Skill      XL: |  1  2  3  4  5  6 |
---------------+-------------------+-----
Long Blades    | 2 3 4 |  4.7
Shields        | 3 |  3.4
Armour         | 3 4 |  4.2
Dodging        | 1 |  1.4
Fighting       | 4 |  4.2
Stealth        | |  0.6

Action                   |  1- 3 |  4- 6 |  7- 9 || total
-------------------------+-------+-------+-------++-------
Melee: Long sword        |   121 |   213 |    14 ||   348
       Spear             |       |       |    45 ||    45
  Use: Potion            |     2 |       |     2 ||     4
  Eat: Chunk             |       |     8 |     2 ||    10
       Fruit             |       |     1 |       ||     1
Armor: Scale mail        |    74 |    68 |    20 ||   162
       Skin              |     3 |    14 |     2 ||    19
Dodge: Dodged            |    51 |    63 |    19 ||   133
Block: Shield            |    21 |       |       ||    21
       Buckler           |    23 |    77 |    24 ||   124
       Rpst.: Long sword |    18 |    20 |     3 ||    41
